 Dungeon Crawl Stone Soup version 0.19-a0-277-g85cb9a5 (webtiles) character file.

56 namelastname112 the Sneak (level 4, -4/29 HPs)
             Began as a Halfling Assassin on May 26, 2016.
             Slain by an adder (5 damage)
             ... on level 2 of the Dungeon.
             The game lasted 00:01:17 (1054 turns).

namelastname112 the Sneak (Halfling Assassin)       Turns: 1054, Time: 00:01:18

Health: -4/29      AC:  5    Str: 11    XL:     4   Next: 17%
Magic:  4/4        EV: 14    Int: 10    God:
Gold:   139        SH:  0    Dex: 16    Spells: 0 memorised, 3 levels left

rFire  . . .     SeeInvis .     a - +2 dagger
rCold  . . .     Gourm    .     c - +0 robe
rNeg   . . .     Faith    .     (shield restricted)
rPois  .         Spirit   .     (no helmet)
rElec  .         Dismiss  .     p - +2 cloak
rCorr  .         Reflect  .     (no gloves)
SustAt .         Harm     +     (no boots)
MR     .....                    d - amulet of harm
Stlth  +++.......               (no ring)
                                (no ring)

@: lethally poisoned (-4 -> -8), not resistant to hostile enchantments, fairly
stealthy
A: mutation resistance 1
a: no special abilities


You were on level 2 of the Dungeon.
You were not hungry.

You visited 1 branch of the dungeon, and saw 2 of its levels.

You collected 139 gold pieces.

Inventory:

Hand Weapons
 a - a +2 dagger (weapon)
 b - a +0 blowgun
Missiles
 e - 8 poisoned needles
 f - 2 curare-tipped needles
Armour
 c - a +0 robe (worn)
 p - a +2 cloak (worn)
Jewellery
 d - an amulet of harm (around neck)
Scrolls
 h - 2 scrolls of identify {unknown}
 i - a scroll of magic mapping {unknown}
 k - a scroll of fog {unknown}
 l - a scroll of random uselessness {unknown}
 o - a scroll of remove curse {unknown}
 q - a scroll of enchant armour {unknown}
Potions
 n - 2 potions of resistance {unknown}
Comestibles
 g - 2 bread rations
 j - 4 fruits
 m - a meat ration


   Skills:
 + Level 2.1 Fighting
 + Level 3.3 Short Blades
 + Level 2.7 Throwing
 + Level 1.2 Armour
 + Level 1.8 Dodging
 + Level 4.7 Stealth


You had 3 spell levels left.
You didn't know any spells.

Dungeon Overview and Level Annotations

Branches:
Dungeon (2/15)

Altars:


Innate Abilities, Weirdness & Mutations

You are small and have problems with some larger weapons.
You are somewhat resistant to further mutation.


Message History

You are too injured to fight recklessly!
You take 6 damage, and have 7/29 hp.
MASSIVE DAMAGE!!
You are too injured to fight recklessly!
You are too injured to fight recklessly!
You are too injured to fight recklessly!
You are too injured to fight recklessly!
You are too injured to fight recklessly!
You are too injured to fight recklessly!
You are too injured to fight recklessly!
An adder is nearby!
An adder is nearby!
You hit the adder.
The adder is severely wounded.
You feel sick. The adder bites you.
* * * LOW HITPOINT WARNING * * *
You take 6 damage, and have 1/29 hp.
MASSIVE DAMAGE!!
You hit the adder but do no damage.
The adder is severely wounded.
The adder bites you.
You die...

## .## ..# # # # ... .#
..##. ..###.##
#....###S.#...## .
#......@.......##..
.......%...........
.########.............
...........[.........
#...................
#............†...#
#................# .
#................#
...##.........#......$#


You could see an adder.

Vanquished Creatures
  3 adders (D:2)
  An ooze (D:1)
  A dart slug (D:2)
  A giant gecko (D:1)
  2 giant cockroaches
  3 hobgoblins
  4 kobolds (D:1)
  A ball python (D:2)
  2 bats
  2 giant newts
  A goblin (D:1)
  3 rats (D:1)
24 creatures vanquished.

Notes
Turn   | Place    | Note
--------------------------------------------------------------
     0 | D:1      | namelastname112 the Halfling Assassin began the quest for the Orb.
     0 | D:1      | Reached XP level 1. HP: 14/14 MP: 1/1
    86 | D:1      | Reached XP level 2. HP: 19/19 MP: 2/2
   868 | D:2      | Reached XP level 3. HP: 24/24 MP: 3/3
   903 | D:2      | Reached skill level 1 in Armour
  1025 | D:2      | Reached XP level 4. HP: 27/29 MP: 4/4
  1053 | D:2      | HP: 1/29 [adder (5)]
  1054 | D:2      | Slain by an adder

Vault maps used:
D:1:      mrwooster_arrival_statue
D:2:      serial_bayou_ford_a

Skill      XL: |  1  2  3 |
---------------+----------+-----
Fighting       | 2 |  2.1
Short Blades   | 3 |  3.3
Armour         | 1 |  1.2
Throwing       | |  2.7
Dodging        | |  1.8
Stealth        | |  4.7

Action                   |  1- 3 |  4- 6 || total
-------------------------+-------+-------++-------
Melee: Dagger            |    57 |    14 ||    71
 Stab: Sleeping          |     8 |       ||     8
       Distracted        |     1 |       ||     1
Armor: Robe              |    14 |     1 ||    15
Dodge: Dodged            |    36 |     4 ||    40
